 Dungeon Crawl Stone Soup version 0.27-a0-906-g0a00ce863d (webtiles) character file.

Game seed: 10356043717779637742

543 mhtbhm the Cudgeller (level 7, 0/44 HPs)
             Began as a Gargoyle Berserker on Apr 6, 2021.
             Was a Believer of Trog.
             Killed from afar by Sigmund (9 damage)
             ... with a puff of flame
             ... on level 4 of the Dungeon.
             The game lasted 00:03:25 (4422 turns).

mhtbhm the Cudgeller (Gargoyle Berserker)           Turns: 4422, Time: 00:03:26

Health: 0/44       AC: 13    Str: 22    XL:     7   Next: 27%
Magic:  7/7        EV: 10    Int:  8    God:    Trog [**....]
Gold:   201        SH:  0    Dex:  9    Spells: 6/6 levels left

rFire    . . .     SeeInvis .   a - +1 mace
rCold    . . .     Faith    .   (no shield)
rNeg     + . .     Spirit   .   b - +0 scale mail
rPois    ∞         Reflect  .   m - +0 helmet
rElec    +         Harm     .   (no cloak)
rCorr    .         Rampage  .   (no gloves)
Will     .....                  (no boots)
Stlth    ..........             (no amulet)
HPRegen  0.14/turn              (no ring)
MPRegen  0.10/turn              (no ring)

@: on berserk cooldown, hasted and slowed
A: AC +4, negative energy resistance 1, electricity resistance, torment
resistance 1, unbreathing 1, petrification resistance
a: Renounce Religion, Berserk, Trog's Hand


You were on level 4 of the Dungeon.
You worshipped Trog.
Trog was pleased with you.
You visited 1 branch of the dungeon, and saw 5 of its levels.

You collected 201 gold pieces.

Inventory:

Hand Weapons
 a - a +1 mace (weapon)
Armour
 b - a +0 scale mail (worn)
 m - a +0 helmet (worn)
Jewellery
 j - a ring of fire
Wands
 l - a wand of flame (23)
Scrolls
 d - a scroll of enchant weapon
 e - 2 scrolls of immolation {unknown}
 f - a scroll of torment {unknown}
Potions
 g - a potion of curing {unknown}
 h - a potion of might {unknown}
 i - 2 potions of magic {unknown}
 k - a potion of berserk rage {unknown}


   Skills:
 + Level 5.0 Fighting
 + Level 5.4 Maces & Flails
 + Level 4.4 Armour
 + Level 2.8 Dodging
 + Level 1.1 Stealth


You had 6 spell levels left.
You didn't know any spells.
Your spell library was empty.

Dungeon Overview and Level Annotations

Branches:
Dungeon (5/15)             Temple (0/1) D:4

Altars:
Cheibriados

Annotations:
D:4 Sigmund


Innate Abilities, Weirdness & Mutations

Your stone body is resilient. (AC +4)
You are immune to poison.
You resist negative energy. (rN+)
You are resistant to electric shocks. (rElec)
You are resistant to unholy torment.
You can survive without breathing.
You are immune to petrification.


Message History

A red film seems to cover your vision as you go berserk!
You feel yourself moving faster!
You feel mighty!
The endoplasm hits you but does no damage.
You thump the endoplasm!
You kill the endoplasm!
Trog accepts your kill. The ogre hits you with a +0 giant club!
You feel a strong urge to attack something.
Something hits you.
You thump the ogre!
The ogre is moderately wounded.
The ogre hits you with a +0 giant club! Something hits you.
You hit the ogre.
The ogre is heavily wounded.
The ogre closely misses you. Something hits you!
* * * LOW HITPOINT WARNING * * *
You thump the ogre!
The ogre is severely wounded.
You sock the ogre!
You kill the ogre!
Trog accepts your kill. Something hits you.
* * * LOW HITPOINT WARNING * * *
Your Fighting skill increases to level 5!
Something hits you but does no damage.
You see here a +0 giant club.
You feel a strong urge to attack something.
You are no longer berserk.
You are exhausted.
You feel yourself slow down. Something hits you.
* * * LOW HITPOINT WARNING * * *
Something hits you but does no damage.
It was a potion of haste.
You feel yourself speed up. Something hits you but does no damage.
You closely miss something.
You hear some strange, mumbled words.
A puff of flame appears from out of thin air!
The puff of flame hits you!
You die...

##.# ######.####
####.........####
.......##........
##.........####
#......#..#
#...##)#..####.
#......{......#
#$....@...##.##
##...)....# .
#........#
#....(.<.#
#........#
#.........
#.......###
#########


There were no monsters in sight!

Vanquished Creatures
  Menkaure (D:4)
  An ice beast (D:3)
  An ogre (D:4)
  A jelly (D:4)
  Robin (D:4)
  3 gnolls (D:3)
  11 adders
  2 dart slugs (D:2)
  8 orcs (D:3)
  4 ball pythons
  6 endoplasms
  2 giant cockroaches
  7 goblins
  13 hobgoblins
  6 jackals (D:1)
  2 kobolds
  3 quokkas (D:1)
  2 bats (D:1)
  A frilled lizard (D:2)
  7 rats
82 creatures vanquished.

Notes
Turn   | Place    | Note
-------+----------+-------------------------------------------
     0 | D:1      | mhtbhm the Gargoyle Berserker began the quest for the Orb.
     0 | D:1      | Reached XP level 1. HP: 14/14 MP: 1/1
   364 | D:1      | Reached XP level 2. HP: 13/19 MP: 2/2
  1160 | D:1      | Reached XP level 3. HP: 18/24 MP: 3/3
  1663 | D:2      | Found a faded altar of an unknown god.
  2063 | D:2      | Reached XP level 4. HP: 27/29 MP: 4/4
  2190 | D:2      | Found a snail-covered altar of Cheibriados.
  2244 | D:2      | Reached ** piety under Trog
  2652 | D:3      | Reached skill level 1 in Stealth
  2683 | D:3      | Reached XP level 5. HP: 4/33 MP: 5/5
  3579 | D:3      | Noticed an ice beast
  3597 | D:3      | Killed an ice beast
  3598 | D:3      | Reached XP level 6. HP: 39/39 MP: 6/6
  3966 | D:4      | Found a staircase to the Ecumenical Temple.
  3984 | D:4      | Noticed Menkaure
  3985 | D:4      | Noticed Robin
  4009 | D:5      | Entered Level 5 of the Dungeon
  4246 | D:4      | Killed Robin
  4249 | D:4      | Killed Menkaure
  4250 | D:4      | Reached skill level 5 in Maces & Flails
  4351 | D:4      | Reached XP level 7. HP: 39/44 MP: 7/7
  4401 | D:4      | Noticed Sigmund
  4418 | D:4      | Reached skill level 5 in Fighting
  4422 | D:4      | Killed from afar by Sigmund

Illustrated notes

Levels and vault maps discovered:
D:1:      dpeg_chamrin_arrival_tetris, layout_rooms
D:2:      layout_loops_cross, ebering_ecumenical_altar_box, basic_altar
D:3:      layout_loops_cross
D:4:      layout_loops_cross, minmay_temple_entry_offerings, minmay_bisected,
          uniq_edmund, uniq_sigmund, uniq_menkaure, uniq_robin
D:5:      cheibrodos_helix_gallery, layout_loops_ring, serial_shops,
          kennysheep_little_box

Skill      XL: |  1  2  3  4  5  6  7 |
---------------+----------------------+-----
Dodging        | 2 |  2.8
Maces & Flails | 4 5 |  5.4
Fighting       | 4 5 |  5.0
Stealth        | 1 |  1.1
Armour         | 3 4 |  4.4

Action                   |  1- 3 |  4- 6 |  7- 9 || total
-------------------------+-------+-------+-------++-------
Melee: Mace              |   126 |   186 |     8 ||   320
Invok: Berserk           |     5 |     3 |     1 ||     9
  Use: Potion            |       |     1 |     1 ||     2
       Scroll            |       |     1 |       ||     1
 Stab: Sleeping          |     1 |       |       ||     1
Armor: Animal skin       |    43 |       |       ||    43
       Scale mail        |    33 |   129 |     7 ||   169
Dodge: Dodged            |    94 |   138 |     3 ||   235

Table legend: (Time is in decaauts)
 A = Elapsed time spent in this place.
 B = Non-inter-level travel time spent in this place.
 C = Inter-level travel time spent in this place.
 D = Time resting spent in this place.
 E = Time spent auto-exploring this place.
 F = Levels seen in this place.
 G = Mean time per level.
                   A        B        C        D        E       F      G
               +--------+--------+--------+--------+--------+-----+--------+
         Total |   4550 |   4505 |     45 |   1774 |   2009 |   5 |  910.0 |
       Dungeon |   4550 |   4505 |     45 |   1774 |   2009 |   5 |  910.0 |
               +--------+--------+--------+--------+--------+-----+--------+

Top non-repeatable levels by time:
     D:1: 1609 daAuts
     D:3: 1370 daAuts
     D:2: 1055 daAuts
     D:4: 290 daAuts
     D:5: 225 daAuts
